 Dungeon Crawl Stone Soup version 0.28.0-45-g0d030f2227 (webtiles) character file.

Game seed: 5355878109493886610

7933 Kaptain the Geomancer (level 11, -8/68 HPs)
             Began as a Gargoyle Earth Elementalist on Apr 14, 2022.
             Mangled by Snorg (19 damage)
             ... on level 9 of the Dungeon.
             The game lasted 00:24:58 (13727 turns).

Kaptain the Geomancer (GrEE)                       Turns: 13727, Time: 00:24:59

Health: -8/68      AC: 16    Str: 13    XL:     11   Next: 23%
Magic:  9/21       EV: 12    Int: 19    God:
Gold:   393        SH:  0    Dex: 10    Spells: 20/24 levels left

rFire   . . .      SeeInvis .   f - staff of earth
rCold   . . .      Faith    .   (no shield)
rNeg    + . .      Spirit   .   M - +2 robe {Will+}
rPois   ∞          Reflect  .   z - +0 helmet
rElec   +          Harm     .   (no cloak)
rCorr   .          Rampage  .   g - +0 pair of gloves
Will    +....                   r - +0 pair of boots
Stlth   ++........              s - amulet of the acrobat
HPRegen 0.21/turn               (no ring)
MPRegen 0.17/turn               (no ring)

@: studying Slings
A: sickness immunity, AC +8, negative energy resistance 1, electricity
resistance, torment resistance 1, petrification resistance
a: no special abilities


You were on level 9 of the Dungeon.
You visited 2 branches of the dungeon, and saw 11 of its levels.
You also visited: Sewer.

You collected 393 gold pieces.

Inventory:

Hand Weapons
 j - a +5 scimitar of draining
 m - a +0 trident
 B - a +2 short sword of holy wrath
 H - a +2 whip of flaming
 K - a +3 hunting sling of flaming
Missiles
 i - 47 sling bullets
 p - 37 stones
 D - 2 throwing nets
Armour
 g - a +0 pair of gloves (worn)
 r - a +0 pair of boots (worn)
 z - a +0 helmet (worn)
 C - a +3 chain mail of fire resistance
 G - a +1 ring mail of cold resistance
 I - a +1 robe of positive energy
 M - a +2 robe of willpower (worn)
Magical Staves
 f - a staff of earth (weapon)
Jewellery
 s - an amulet of the acrobat (around neck)
Wands
 w - a wand of mindburst (14)
 x - a wand of digging (5)
 A - a wand of polymorph (6)
Scrolls
 a - 2 scrolls of enchant weapon
 b - 2 scrolls of blinking
 c - a scroll of amnesia
 h - a scroll of fog
 k - a scroll of magic mapping
 l - 2 scrolls of teleportation
 o - 2 scrolls of silence
 v - a scroll of brand weapon
 y - a scroll of vulnerability {unknown}
Potions
 e - 3 potions of invisibility
 t - a potion of might
 u - a potion of heal wounds
 E - a potion of curing
 F - a potion of flight


   Skills:
 * Level 8.2 Fighting
 + Level 5.5 Armour
 - Level 4.0 Dodging
 + Level 3.9 Stealth
 + Level 2.8 Shields
 * Level 7.2 Spellcasting
 * Level 8.2 Conjurations
 - Level 0.7 Transmutations
 * Level 9.8 Earth Magic


You had 20 spell levels left.
You knew the following spells:

 Your Spells              Type           Power      Damage    Failure   Level
a - Sandblast             Erth           100%       2d20      1%          1
b - Stone Arrow           Conj/Erth      100%       3d13      1%          3

Your spell library contained the following spells:

 Spells                   Type           Power      Damage    Failure   Level
 Passwall                 Tmut/Erth      33%        N/A       1%          2
 Freeze                   Ice            24%        1d5       10%         1
 Petrify                  Tmut/Erth      40%        N/A       12%         4
 Leda's Liquefaction      Hex/Erth       19%        N/A       13%         4
 Hailstorm                Conj/Ice       22%        3d7       19%         4
 Call Canine Familiar     Summ           6%         N/A       30%         3
 Frozen Ramparts          Ice            12%        1d3       30%         3
 Portal Projectile        Hex/Tloc       12%        N/A       30%         3
 Animate Dead             Necr           3%         N/A       69%         4
 Haunt                    Necr/Summ      3%         N/A       100%        7
 Infestation              Necr           3%         N/A       100%        8


Dungeon Overview and Level Annotations

Branches:
Dungeon (10/15)            Temple (1/1) D:7           Sewer (visited)
   Lair: D:8-11         Orc: D:9-12

Altars:
Ashenzari
Cheibriados
Dithmenos
Elyvilon
Fedhas
Gozag
Hepliaklqana
Kikubaaqudgha
Makhleb
Nemelex Xobeh
Okawaru
Qazlal
Ru
Sif Muna
Trog
Uskayaw
Vehumet
Wu Jian
Xom
Yredelemnul
Zin
The Shining One
Beogh

Shops:
D:3 (

Annotations:
D:9 Snorg


Innate Abilities, Weirdness & Mutations

You are immune to sickness and miasma.
Your stone body is resilient. (AC +8)
You are immune to poison.
You resist negative energy. (rN+)
You are resistant to electric shocks. (rElec)
You are resistant to unholy torment.
You are immune to petrification.


Message History

Press: ? - help, Shift-Dir - straight line, f/p - orc warrior
Aim: an orc warrior, wielding a +0 glaive and wearing a +0 chain mail (heavily wounded, 82% to hit)
You feel a surge of power!
The blast of sand hits the orc warrior but does no damage.
The orc warrior is heavily wounded.
The centaur shoots an arrow.
The arrow misses you.
The orc warrior hits you from afar with a +0 glaive.
Casting: Sandblast (safe; 1% risk of failure)
Confirm with . or Enter, or press ? or * to list all spells.
Aiming: Sandblast (safe; 1% risk of failure)
Press: ? - help, Shift-Dir - straight line, f/p - orc warrior
Aim: an orc warrior, wielding a +0 glaive and wearing a +0 chain mail (heavily wounded, 82% to hit)
You feel a surge of power!
The blast of sand hits the centaur!!
You kill the centaur!
Snorg goes berserk!
The orc warrior closely misses you.
Snorg rages.
Found a potion of haste and 19 gold pieces.
A wight comes into view. It is wielding a +5 morningstar.
Snorg rages.
Snorg bites you! Snorg claws you! Snorg claws you but does no damage.
There is a stone staircase leading up here.
Snorg bites you but does no damage. Snorg claws you but does no damage.
Snorg barely misses you.
You climb upwards.
There is a stone staircase leading down here.
Unknown command.
Casting: Sandblast (safe; 1% risk of failure)
Confirm with . or Enter, or press ? or * to list all spells.
Aiming: Stone Arrow (safe; 1% risk of failure)
Press: ? - help, Shift-Dir - straight line, f - Snorg
Aim: Snorg (berserk, 78% to hit)
You feel a surge of power!
The stone arrow hits Snorg!!
Snorg is lightly wounded.
Snorg bites you! Snorg claws you!
* * * LOW HITPOINT WARNING * * *
Snorg claws you!
* * * LOW HITPOINT WARNING * * *
Snorg bites you!!
You die...

##.............# #.............
.....##........# #.###.#....#..
##.########....#####.##.......#..
##># #.##..........#..######
##.#### ###.###.#######...##
......###...###..# #.#########
...##.##.........# #.##....>..
...##.#.......##.# #.##..#.##.
#####.##...#####@# #.##..#.##.
#####.......####T# #..........
......###.....)..#########..#.##.
#####.##.............# #..#.##.
#.......#.########.# #.......
#.#............# #.# ########
#.#..##...####.# #.#
#.#.......####.###.##
#.##.##.....##.##...#


You could see Snorg (berserk).

Vanquished Creatures
  Harold (D:7)
  A two-headed ogre (D:9)
  Pikel (D:9)
  Psyche (D:9)
  A troll (D:9)
  5 yaks
  2 wyverns (D:9)
  A steam dragon (D:8)
  2 orc warriors
  Duvessa (D:7)
  A sky beast (D:7)
  2 ice beasts (D:6)
  A black bear (D:6)
  4 necrophages
  2 ogres
  6 centaurs
  4 lemures (D:9)
  8 kobold brigands
  2 bullfrogs
  2 water moccasin zombies
  A scorpion (D:6)
  Dowan (D:7)
  A water moccasin skeleton (D:4)
  10 killer bees (D:9)
  3 wights (D:8)
  A howler monkey (D:8)
  A bullfrog skeleton (D:6)
  A centaur zombie (D:7)
  4 hounds
  2 bullfrog zombies (D:5)
  2 jellies
  3 orc priests
  A centaur skeleton (D:5)
  5 iguanas
  11 orc wizards
  A scorpion zombie (D:4)
  A hound zombie (D:4)
  3 howler monkey zombies
  3 gnolls (D:3)
  3 river rats
  11 adders
  A white imp (D:6)
  An adder skeleton (D:4)
  An adder zombie (D:4)
  7 worms
  2 dart slugs
  60 orcs
  A bat (D:1)
  13 endoplasms
  3 giant cockroaches
  5 goblins
  5 hobgoblins
  17 kobolds
  7 quokkas
  7 ball pythons
  2 frilled lizards
  A quokka zombie (D:4)
  8 rats
258 creatures vanquished.

Vanquished Creatures (others)
  Joseph (D:9)
  An orc (D:9)
  3 withered plants (D:4)
5 creatures vanquished.

Grand Total: 263 creatures vanquished

Notes
Turn   | Place    | Note
-------+----------+-------------------------------------------
     0 | D:1      | Kaptain the Gargoyle Earth Elementalist began the quest for
                  | the Orb.
     0 | D:1      | Reached XP level 1. HP: 10/10 MP: 3/3
   303 | D:1      | Reached XP level 2. HP: 16/16 MP: 3/5
   955 | D:1      | Reached skill level 1 in Fighting
  1439 | D:2      | Reached skill level 4 in Earth Magic
  1439 | D:2      | Reached XP level 3. HP: 20/20 MP: 3/6
  1488 | D:2      | Reached skill level 1 in Conjurations
  1572 | D:2      | You fall into a shaft and drop 2 floors!
  1619 | D:4      | Reached XP level 4. HP: 26/26 MP: 3/7
  1713 | D:4      | Reached skill level 1 in Armour
  1723 | D:4      | Noticed an ogre
  1740 | D:4      | Killed an ogre
  1741 | D:4      | Reached XP level 5. HP: 31/31 MP: 0/9
  1998 | D:3      | Found Deiskiu's Antique Weapon Shoppe.
  2006 | D:3      | Reached XP level 6. HP: 31/36 MP: 4/10
  2801 | D:3      | Found a faded altar of an unknown god.
  3060 | D:4      | Reached skill level 5 in Earth Magic
  3263 | D:4      | Learned a level 3 spell: Stone Arrow
  3620 | D:4      | Reached XP level 7. HP: 41/41 MP: 1/12
  4608 | D:5      | Entered Level 5 of the Dungeon
  5398 | D:5      | Reached XP level 8. HP: 48/48 MP: 9/13
  5461 | D:5      | Reached skill level 6 in Earth Magic
  5962 | D:6      | Found a glowing drain.
  5966 | Sewer    | Entered a sewer
  7160 | Sewer    | Reached skill level 5 in Fighting
  7160 | Sewer    | Reached skill level 5 in Conjurations
  7661 | D:6      | Reached skill level 7 in Earth Magic
  7661 | D:6      | Reached XP level 9. HP: 54/54 MP: 6/16
  7762 | D:6      | Reached skill level 5 in Spellcasting
  8697 | D:7      | Noticed Duvessa
  8699 | D:7      | Noticed Dowan
  8702 | D:7      | Killed Duvessa
  8713 | D:7      | Killed Dowan
  8948 | D:7      | Noticed Harold
  8960 | D:7      | Killed Harold
  8961 | D:7      | Reached skill level 8 in Earth Magic
  9211 | D:7      | Found a staircase to the Ecumenical Temple.
  9236 | Temple   | Entered the Ecumenical Temple
  9628 | D:7      | Reached XP level 10. HP: 50/61 MP: 5/18
  9747 | D:7      | Noticed a boulder beetle
 11292 | D:8      | Reached skill level 1 in Shields
 12067 | D:9      | Noticed Pikel
 12088 | D:9      | Killed Pikel
 12089 | D:9      | Reached skill level 5 in Armour
 12089 | D:9      | Reached skill level 9 in Earth Magic
 12636 | D:9      | Noticed a two-headed ogre
 12641 | D:9      | Killed a two-headed ogre
 12737 | D:9      | Reached XP level 11. HP: 68/68 MP: 17/21
 12790 | D:9      | Noticed Joseph
 12791 | D:9      | Noticed Psyche
 12804 | D:9      | Killed Joseph
 12805 | D:9      | Killed Psyche
 13380 | D:9      | Found an ancient bone altar of Kikubaaqudgha.
 13381 | D:9      | Found a sacrificial altar of Ru.
 13635 | D:10     | Entered Level 10 of the Dungeon
 13702 | D:10     | Noticed a deep elf pyromancer
 13708 | D:10     | Noticed Snorg
 13727 | D:9      | Mangled by Snorg

Illustrated notes

Levels and vault maps discovered:
D:1:      enne_arrival_octagon_isle, layout_basic, bh_walls_and_bars
D:2:      layout_rooms
D:3:      layout_loops_ring, basic_ecumenical_altar, serial_shops,
          nicolae_diamond_shop, chequers_serial_rivers_micro_b, nrook_campfire
D:4:      layout_loops_ring, serial_undead, serial_undead_c, serial_undead_f,
          serial_undead_f, serial_undead_f, st_stairs_14
D:5:      layout_basic
D:6:      layout_basic, gup_sewer_entry_spiral, minmay_large_rounded_square,
          st_stairs_13, hangedman_glass_teeth
D:7:      layout_cave_pods, minmay_temple_entry_antechambers,
          minmay_manual_mail, uniq_duvessa, uniq_harold
D:8:      layout_gridville
D:9:      layout_loops_cross, minitemple, special_room [special_room_orc],
          uniq_psyche, uniq_joseph, uniq_pikel
D:10:     layout_cave_pools, erik_lair_orcish_takeover, orc_david_3,
          minmay_mirror_moons_of_madness, uniq_maurice, uniq_snorg, uniq_fannar
Temple:   mainiacjoe_temple_cubbyholes

Skill      XL: |  1  2  3  4  5  6  7  8  9 10 11 |
---------------+----------------------------------+-----
Fighting       | 1 2 3 4 5 6 7 8 |  8.2
Earth Magic    | 4 5 7 8 9 |  9.8
Conjurations   | 1 2 3 4 5 6 7 8 |  8.2
Armour         | 1 2 3 4 5 |  5.5
Dodging        | 2 3 4 |  4.0
Spellcasting   | 3 4 5 6 7 |  7.2
Shields        | 2 |  2.8
Stealth        | 3 |  3.9
Transmutations | |  0.7

Action                   |  1- 3 |  4- 6 |  7- 9 | 10-12 || total
-------------------------+-------+-------+-------+-------++-------
Melee: Staff             |    18 |    13 |    76 |       ||   107
       Whip              |       |     4 |       |       ||     4
       Punch             |       |     1 |     3 |       ||     4
 Cast: Sandblast         |    38 |    78 |    11 |    81 ||   208
       Stone Arrow       |       |     4 |   146 |    72 ||   222
  Use: Scroll            |       |     3 |     2 |    10 ||    15
       Potion            |       |     1 |       |       ||     1
Armor: Robe              |    14 |     9 |       |    15 ||    38
       Leather armour    |       |     2 |    55 |    17 ||    74
Dodge: Dodged            |    18 |    33 |    67 |    45 ||   163
